 Dungeon Crawl Stone Soup version 0.13-b1-17-g3cedf87 (webtiles) character file.

345 Kae the Firebug (level 4, 0/24 HPs)
             Began as a Tengu Fire Elementalist on Sept 30, 2013.
             Succumbed to poison (a potion of poison)
             ... on Level 3 of the Dungeon.
             The game lasted 00:04:30 (2462 turns).

Kae the Firebug (Tengu Fire Elementalist)           Turns: 2462, Time: 00:04:30

HP   0/24        AC  3     Str  9      XL: 4   Next: 25%
MP   2/9         EV 12     Int 16      God:
Gold 273         SH  0     Dex 14      Spells:  3 memorised,  1 level left

Res.Fire  : . . .   See Invis. : .   z - -1,+0 orc hand axe
Res.Cold  : . . .   Warding    : .   o - +0 elf robe
Life Prot.: . . .   Conserve   : .   (no shield)
Res.Poison: .       Res.Corr.  : .   (helmet restricted)
Res.Elec. : .       Clarity    : .   (no cloak)
Sust.Abil.: . .     Spirit.Shd : .   A - +0 pair of dwarf gloves
Res.Mut.  : .       Stasis     : .   (boots unavailable)
Res.Rott. : .       Flight     : .   r - amulet of the gourmand
Gourmand  : +                        (no ring)
                                     (no ring)

@: very poisoned, slightly resistant to hostile enchantments, fairly stealthy
A: beak, talons 3
a: no special abilities


You were on level 3 of the Dungeon.
You were hungry.

You visited 1 branch of the dungeon, and saw 3 of its levels.

You collected 253 gold pieces.

Inventory:

Hand weapons
 z - a -1,+0 orcish hand axe (weapon)
Missiles
 l - 2 darts of frost (quivered)
 y - 17 darts
Armour
 a - a +0 robe
 o - a +0 elven robe (worn)
 A - a +0 pair of dwarven gloves (worn)
Comestibles
 c - 3 bread rations
 f - 3 meat rations
 i - a choko
 t - an apple
Scrolls
 d - a scroll of random uselessness
 e - a scroll of teleportation
 n - 2 scrolls of remove curse {unknown}
Jewellery
 p - an uncursed ring of ice
 r - an amulet of the gourmand (around neck)
Potions
 j - a potion of slowing {unknown}
 s - a potion of might {unknown}
Books
 b - a book of Flames

   Spells                             Type                      Level
   *Flame Tongue                      Conjuration/Fire             1
   *Throw Flame                       Conjuration/Fire             2
   *Conjure Flame                     Conjuration/Fire             3
   Inner Flame                        Hexes/Fire                   3
   Sticky Flame                       Conjuration/Fire             4
   Fireball                           Conjuration/Fire             5
 q - a book of Dreams

   Spells                             Type                      Level
   Ensorcelled Hibernation            Hexes/Ice                    2
   Flight                             Charms/Air                   3
   Phase Shift                        Translocation                5
   Shadow Creatures                   Summoning                    5
   Mass Confusion                     Hexes                        6
   Darkness                           Hexes                        7


   Skills:
 - Level 2.1 Dodging
 - Level 2.0 Stealth
 + Level 2.1 Spellcasting
 + Level 3.7 Conjurations
 + Level 3.7 Fire Magic


You had one spell level left.
You knew the following spells:

 Your Spells              Type           Power        Failure   Level  Hunger
a - Flame Tongue          Conj/Fire      ##...        6%          1    #......
b - Throw Flame           Conj/Fire      ##....       10%         2    ###....
c - Conjure Flame         Conj/Fire      ##......     14%         3    ####...


Dungeon Overview and Level Annotations

Branches:
Dungeon (3/27)

Altars:


Innate Abilities, Weirdness & Mutations

You have a beak for a mouth.
You have claws for feet.


Message History

You start resting.
* * * LOW HITPOINT WARNING * * *
You feel sick.
Read which item? (? for menu, Esc to quit)
As you read the scroll of teleportation, it crumbles to dust.
You feel strangely unstable.
* * * LOW HITPOINT WARNING * * *
You feel sick.
You start resting.
* * * LOW HITPOINT WARNING * * *
You feel sick.
Drink which item? (? for menu, Esc to quit)
That liquid tasted very nasty...
You are more poisoned.
It was a potion of poison.
Your surroundings suddenly seem different.
* * * LOW HITPOINT WARNING * * *
You feel very sick.
Drink which item? (? for menu, Esc to quit)
You feel refreshed.
It was a potion of restore abilities.
You die...

##### #.@.#
#.......#
#........#
#.#.......#
#...........
###.......###
#.#...#.#
........# ###


There were no monsters in sight!

Vanquished Creatures
  An adder (D:2)
  A giant mite (D:1)
  2 worms (D:2)
  4 orcs
  A ball python (D:2)
  4 giant cockroaches
  A goblin (D:1)
  3 hobgoblins
  3 jackals (D:1)
  4 kobolds
  A quokka (D:3)
  10 bats
  A giant gecko (D:1)
  3 giant newts
  4 rats
43 creatures vanquished.

Notes
Turn   | Place    | Note
--------------------------------------------------------------
     0 | D:1      | Kae, the Tengu Fire Elementalist, began the quest for the Orb.
     0 | D:1      | Reached XP level 1. HP: 10/10 MP: 3/3
   294 | D:1      | Reached XP level 2. HP: 13/15 MP: 0/5
  1140 | D:2      | Reached XP level 3. HP: 8/19 MP: 2/7
  1380 | D:2      | Learned a level 2 spell: Throw Flame
  2040 | D:2      | Reached XP level 4. HP: 15/24 MP: 2/9
  2104 | D:2      | Learned a level 3 spell: Conjure Flame
  2462 | D:3      | Succumbed to poison (a potion of poison)

Action                   |  1- 3 |  4- 6 || total
-------------------------+-------+-------++-------
Melee: Unarmed           |    32 |     4 ||    36
       Hand axe          |       |     1 ||     1
 Cast: Flame Tongue      |    64 |    19 ||    83
       Throw Flame       |     1 |       ||     1
  Use: Scroll            |       |    10 ||    10
       Potion            |       |     4 ||     4
 Stab: Distracted        |     1 |       ||     1
